 Dungeon Sprint DCSS version 0.20.1-1-g8b1a95d (webtiles) character file.

28107 JustSomeDude the Severer (level 13, -2/105 (109) HPs)
             Began as a Demonspawn Gladiator on Aug 30, 2017.
             Was the Champion of Jiyva.
             Succumbed to poison (dark miasma)
             ... in the Dungeon (Sprint V: "Ziggurat Sprint").
             The game lasted 00:21:18 (661 turns).

JustSomeDude the Severer (Demonspawn Gladiator)      Turns: 661, Time: 00:21:19

HP:   -2/105 (109)  AC: 31    Str: 27    XL:     13   Next: 8%
MP:   25/27         EV:  9    Int: 11    God:    Jiyva [******]
Gold: 0             SH: 32    Dex: 22    Spells: 31/33 levels left

rFire    + . .     SeeInvis +   U - +14 obsidian axe {chop, +Fly SInv *Curse} (curse)
rCold    + . .     Gourm    .   W - +18 shield of the Gong {rElec rN+ MR+ EV-5}
rNeg     + . .     Faith    .   V - +15 Maxwell's patent armour {-Cast -Tele rElec MR+ rCorr}
rPois    +         Spirit   +   (helmet unavailable)
rElec    +         Reflect  .   (no cloak)
rCorr    +         Harm     .   (no gloves)
MR       ++++.     NoTele   +   (no boots) Stlth ..........NoCast +
                                B - amulet of magic regeneration
Regen    0.0/turn               E - +6 ring of strength
MPRegen  0.5/turn               D - +6 ring of strength

@: lethally poisoned (-2 -> -114), resistant, berserk cooldown, mesmerised, very
slightly contaminated, non-regenerating, badly diseased, hasted and slowed,
studying Short Blades, invisible
A: claws 1, horns 3, talons 2, icy blue scales 1, agile 2, magic resistance 2,
shaggy fur 1, translucent skin 1, tendrils, magic shield, magic regeneration,
magic link
a: Request Jelly, Slimify, Cure Bad Mutation, Renounce Religion, Evoke Flight


You were in the Dungeon.
You worshipped Jiyva.
Jiyva was exalted by your worship.
You were completely stuffed.

You visited 1 branch

Inventory:

Hand Weapons
 b - the +0 sword of Power
   (You found it in the Dungeon)
 U - the cursed +14 obsidian axe (weapon) {chop, +Fly SInv *Curse}
   (You found it in the Dungeon)

   It inflicts extra damage upon your enemies.
   It lets you see invisible.
   It lets you fly.
   It curses itself when equipped.
   It has a curse placed upon it.
Missiles
 O - 17 poisoned javelins (quivered)
Armour
 L - +5 gold dragon scales
 V - the +15 Maxwell's patent armour (worn) {-Cast -Tele rElec MR+ rCorr}
   (You found it in the Dungeon)

   It insulates you from electricity.
   It affects your resistance to hostile enchantments.
   It prevents spellcasting.
   It prevents most forms of teleportation.
   It protects you from acid and corrosion.
 W - the +18 shield of the Gong (worn) {rElec rN+ MR+ EV-5}
   (You found it in the Dungeon)

   It affects your evasion (-5).
   It insulates you from electricity.
   It protects you from negative energy.
   It affects your resistance to hostile enchantments.
Jewellery
 c - the ring "Xykhlur" {rCorr Dex+7}
   (You found it in the Dungeon)

   [ring of resist corrosion]

   It affects your dexterity (+7).
 o - an uncursed ring of protection from fire
 B - an amulet of magic regeneration (around neck)
 D - a +6 ring of strength (right claw)
 E - a +6 ring of strength (left claw)
Wands
 F - a wand of disintegration (6/24)
 G - a wand of iceblast (5/15)
 H - a wand of lightning (5/15)
 I - a wand of acid (4/15)
Scrolls
 k - 4 scrolls of blinking
 r - 4 scrolls of amnesia
 s - 4 scrolls of recharging
 t - 7 scrolls of fog
 u - 5 scrolls of identify
 v - 5 scrolls of remove curse
 w - 2 scrolls of fear
Potions
 e - 8 potions of curing
 g - 8 potions of heal wounds
 h - 2 potions of haste
 i - 7 potions of magic
 j - a potion of berserk rage
 l - 2 potions of brilliance
 m - a potion of invisibility
 n - 2 potions of resistance
 p - 7 potions of agility
 q - 5 potions of might
Books
 J - the Volume of Ghastly Good Luck
   (You found it in the Dungeon)

   Spells                             Type                      Level
   a - Pain                           Necromancy                   1
   b - Shroud of Golubria             Charms/Translocation         2
   c - Song of Slaying                Charms                       2
   d - Corpse Rot                     Necromancy                   2
   e - Regeneration                   Charms/Necromancy            3
   f - Animate Dead                   Necromancy                   4
   g - Cigotuvi's Embrace             Necromancy                   5
 K - a manual of Short Blades
 M - Sif Muna's Disquisition on the Shifting Glacier
   (You found it in the Dungeon)

   Spells                             Type                      Level
   a - Beastly Appendage              Transmutation                1
   b - Throw Frost                    Conjuration/Ice              2
   c - Passwall                       Transmutation/Earth          2
   d - Throw Icicle                   Conjuration/Ice              4
   e - Petrify                        Transmutation/Earth          4
Miscellaneous
 a - a lightning rod (3/4)
 d - a phantom mirror
 y - a fan of gales
 A - a phial of floods
 C - a fan of gales
 N - a fan of gales
 T - a box of beasts
 X - a lightning rod (3/4)
Comestibles
 f - 5 bread rations
 x - 42 fruits
 z - 4 meat rations


   Skills:
 + Level 12.6 Fighting
 + Level 2.2 Long Blades
 + Level 17.9 Axes
 + Level 5.1 Throwing
 + Level 8.0 Armour
 + Level 9.4 Dodging
 + Level 4.6 Stealth
 + Level 12.0 Shields
 + Level 2.2 Unarmed Combat
 * Level 10.8 Spellcasting
 * Level 10.4 Charms
 + Level 4.6 Evocations


You had 31 spell levels left.
You knew the following spells:

 Your Spells              Type           Power        Failure   Level  Hunger
a - Song of Slaying       Chrm           ####....     3%          2    None


Dungeon Overview and Level Annotations

Branches:
Dungeon (1/1)

Altars:
Ashenzari
Cheibriados
Dithmenos
Elyvilon
Fedhas
Gozag
Hepliaklqana
Kikubaaqudgha
Makhleb
Nemelex Xobeh
Okawaru
Qazlal
Ru
Sif Muna
Trog
Uskayaw
Vehumet
Xom
Yredelemnul
Zin
The Shining One
Beogh
Jiyva
Lugonu

Annotations:
D 1 transporter


Innate Abilities, Weirdness & Mutations

You have razor-sharp toenails.
You are partially covered in icy blue scales. (AC +2)
When hurt, damage is shared between your health and your magic reserves.
You regenerate magic rapidly.
When low on magic, you restore magic in place of health.
You have sharp fingernails.
You have a pair of large horns on your head.
You are very agile. (Dex +4)
You are highly resistant to hostile enchantments. (MR++)
You are covered in fur. (AC +1)
Your translucent skin slightly reduces your foes' accuracy. (Stealth)
You are covered in slimy tendrils that may disarm your opponents.


Message History

You feel very sick.
The spectral adder bites your ice devil but does no damage.
You hear a distant slurping noise.
You feel a little less hungry.
You feel your power returning.
You feel better.
Your ice devil hits the mummy priest!
Your ice devil freezes the mummy priest.
The mummy priest resists.
The mummy priest prays to its god.
The adder simulacrum bites your ice devil.
The adder simulacrum freezes your ice devil.
Your ice devil completely resists.
Something closely misses your ice devil.
Unknown command.
Unknown command.
Unknown command.
You cannot move away from the adder simulacrum!
Unknown command.
Unknown command.
Visions of slaying the hungry ghost flood into your mind.
You die...

▓▓▓▓▓▓▓▓▓▓▓▓▓▓▓▓▓▓▓▓▓▓▓▓ ,
....8©8....▓▓.8©8.▓.8©8.
▓..)?}..)...▓▓.=.).▓..[..
,
▓..=.|").)..▓▓.....▓.....
,
▓...........▓▓.....▓.))).
▓...........▓▓.)[..▓.....
▓.......@...▓▓..|..▓.....
▓......)3§).▓▓.....▓.....
, ..▓n....▓4.▓▓▓▓▓▓▓▓▓▓▓▓▓
▓▓WZ4▓▓▓.▓..8©8...▓..8 ,
▓..▓..MZ.▓..▓..|)....▓...
,
▓...........▓........▓..)
▓▓▓▓▓▓▓▓▓▓▓▓▓........▓...
▓....8©8....▓..†††...▓...
*▓..}[:||....▓........▓.▓.


You could see a mummy priest, a spectral adder, a hungry ghost, a necrophage, an
adder simulacrum (wandering), a friendly sun demon, a friendly ice devil and a
friendly rust devil.

Vanquished Creatures
  A greater mummy (D)
  2 titans (D)
  2 merfolk javelineers (D)
  A merfolk impaler (D)
  2 mummy priests (D)
  A yaktaur captain (D)
  2 spriggan air magi (D)
  2 vampire magi (D)
  A skeletal warrior (D)
  3 toenail golems (D)
  A water nymph (D)
  A cyclops (D)
  3 merfolk sirens (D)
  A black mamba (D)
  A spiny frog (D)
  A komodo dragon (D)
  A yaktaur (D)
  2 guardian mummies (D)
  2 jumping spiders (D)
  4 merfolk (D)
  4 wind drakes (D)
  2 air elementals (D)
  3 hippogriffs (D)
  A flying skull (D)
  A spriggan (D)
  4 ushabtiu (D)
  2 shadows (D)
  A basilisk (D)
  A neqoxec (D)
  An insubstantial wisp (D)
  A porcupine (D)
  A black bear (D)
  4 centaurs (D)
  A crocodile (D)
  2 scorpions (D)
  2 wights (D)
  A crimson imp (D)
  2 iron imps (D)
  An orc priest (D)
  2 orc wizards (D)
  3 mummies (D)
  A shadow imp (D)
  2 ufetubi (D)
  2 adder zombies (D)
  A bat skeleton (D)
  2 bat zombies (D)
  A ball python skeleton (D)
  A leopard gecko zombie (D)
84 creatures vanquished.

Vanquished Creatures (collateral kills)
  A mummy priest (D)
  A merfolk impaler (D)
  A spriggan air mage (D)
  A death scarab (D)
  A necromancer (D)
  A toenail golem (D)
  A spiny frog (D)
  A water nymph (D)
  A yaktaur (D)
  A red devil (D)
  A wind drake (D)
  A spriggan (D)
  A necrophage (D)
  A wolf (D)
  A wight (D)
  3 mummies (D)
  A bat zombie (D)
  A giant cockroach zombie (D)
20 creatures vanquished.

Vanquished Creatures (others)
  2 death oozes (D)
  A cyclops (D)
  A slime creature (D)
  2 shadows (D)
  5 jellies (D)
11 creatures vanquished.

Grand Total: 115 creatures vanquished

Notes
Turn   | Place    | Note
-------+----------+-------------------------------------------
     0 | D        | JustSomeDude the Demonspawn Gladiator began the quest for the Orb.
     0 | D        | Reached XP level 1. HP: 16/16 MP: 1/1
     0 | D        | Found a deep blue altar of Sif Muna.
     0 | D        | Found a sacrificial altar of Ru.
     0 | D        | Found a bloodstained altar of Trog.
     0 | D        | Found a stormy altar of Qazlal.
     0 | D        | Found an iron altar of Okawaru.
     0 | D        | Found a sparkling altar of Nemelex Xobeh.
     0 | D        | Found a blossoming altar of Fedhas.
     2 | D        | Found a transporter.
     2 | D        | Found an ancient bone altar of Kikubaaqudgha.
     2 | D        | Found a viscous altar of Jiyva.
     2 | D        | Found a corrupted altar of Lugonu.
     2 | D        | Found a hazy altar of Hepliaklqana.
     2 | D        | Found a burning altar of Makhleb.
     2 | D        | Found an opulent altar of Gozag.
   150 | D        | Became a worshipper of Jiyva Jirist the Shapeless
   153 | D        | Reached * piety under Jiyva
   155 | D        | Reached ** piety under Jiyva
   155 | D        | Reached *** piety under Jiyva
   155 | D        | Gained mutation: You have very sharp teeth. [Jiyva's grace]
   155 | D        | Gained mutation: You have acidic saliva. [Jiyva's grace]
   155 | D        | Reached **** piety under Jiyva
   155 | D        | Gained mutation: You are partially covered in icy blue scales. (AC +2) [Jiyva's grace]
   156 | D        | Reached ***** piety under Jiyva
   156 | D        | Lost mutation: You are partially covered in icy blue scales. (AC +2) [Jiyva's grace]
   159 | D        | Gained mutation: You possess an exceptional clarity of mind. [Jiyva's grace]
   159 | D        | Reached ****** piety under Jiyva
   159 | D        | Gained mutation: You have a small jelly attached to you that senses nearby items. [Jiyva's grace]
   159 | D        | Gained mutation: Your body has grown golden eyes which may confuse attackers. (Acc +3) [Jiyva's grace]
   161 | D        | Gained mutation: Armour fits poorly on your pseudopods. [Jiyva's grace]
   161 | D        | Gained mutation: You are agile. (Dex +2) [Jiyva's grace]
   163 | D        | Lost mutation: You are agile. (Dex +2) [Jiyva's grace]
   163 | D        | Gained mutation: Your translucent skin slightly reduces your foes' accuracy. (Stealth) [Jiyva's grace]
   163 | D        | Lost mutation: You have a small jelly attached to you that senses nearby items. [Jiyva's grace]
   163 | D        | Lost mutation: Your body has grown golden eyes which may confuse attackers. (Acc +3) [Jiyva's grace]
   163 | D        | Gained mutation: You can translocate small distances at will. [Jiyva's grace]
   165 | D        | Lost mutation: You possess an exceptional clarity of mind. [Jiyva's grace]
   165 | D        | Lost mutation: You have acidic saliva. [Jiyva's grace]
   165 | D        | Gained mutation: You are covered in slimy tendrils that may disarm your opponents. [Jiyva's grace]
   165 | D        | Gained mutation: You are agile. (Dex +2) [Jiyva's grace]
   166 | D        | Gained mutation: Your spells are a little harder to cast, but a little more powerful. [Jiyva's grace]
   175 | D        | Lost mutation: Your spells are a little harder to cast, but a little more powerful. [Jiyva's grace]
   179 | D        | Gained mutation: You are robust. (+10% HP) [Jiyva's grace]
   184 | D        | Lost mutation: Armour fits poorly on your pseudopods. [Jiyva's grace]
   184 | D        | Gained mutation: Your translucent skin reduces your foes' accuracy. (Stealth) [Jiyva's grace]
   184 | D        | Gained mutation: You possess an exceptional clarity of mind. [Jiyva's grace]
   184 | D        | Lost mutation: Your translucent skin reduces your foes' accuracy. (Stealth) [Jiyva's grace]
   184 | D        | Lost mutation: You are agile. (Dex +2) [Jiyva's grace]
   184 | D        | Gained mutation: Your body has grown golden eyes which may confuse attackers. (Acc +3) [Jiyva's grace]
   184 | D        | Lost mutation: You can translocate small distances at will. [Jiyva's grace]
   185 | D        | Lost mutation: Your body has grown golden eyes which may confuse attackers. (Acc +3) [Jiyva's grace]
   186 | D        | Gained mutation: You have large cloven feet. [Jiyva's grace]
   186 | D        | Lost mutation: You are robust. (+10% HP) [Jiyva's grace]
   186 | D        | Lost mutation: You have large cloven feet. [Jiyva's grace]
   186 | D        | Gained mutation: Your translucent skin reduces your foes' accuracy. (Stealth) [Jiyva's grace]
   186 | D        | Gained mutation: You have large cloven feet. [Jiyva's grace]
   186 | D        | Gained mutation: You have a small jelly attached to you that senses nearby items. [Jiyva's grace]
   186 | D        | Gained mutation: Armour fits poorly on your pseudopods. [Jiyva's grace]
   186 | D        | Gained mutation: You evolve. [Jiyva's grace]
   188 | D        | Gained mutation: You have hoof-like feet. [Jiyva's grace]
   188 | D        | Lost mutation: Armour fits poorly on your pseudopods. [Jiyva's grace]
   189 | D        | Lost mutation: You possess an exceptional clarity of mind. [Jiyva's grace]
   191 | D        | Gained mutation: You have a small jelly attached to you that may absorb incoming projectiles. [Jiyva's grace]
   193 | D        | Gained mutation: Armour fits poorly on your pseudopods. [Jiyva's grace]
   194 | D        | Gained mutation: Your rubbery body absorbs attacks. (AC +1, EV +1) [Jiyva's grace]
   196 | D        | Gained mutation: Your mind is acute. (Int +2) [Jiyva's grace]
   196 | D        | Lost mutation: You have hoof-like feet. [Jiyva's grace]
   200 | D        | Entered arena 2.
   200 | D        | Noticed an iron imp
   200 | D        | Found a transporter.
   202 | D        | Lost mutation: Your rubbery body absorbs attacks. (AC +1, EV +1) [Jiyva's grace]
   204 | D        | Gained mutation: Your muscles are strong. (Str +2) [Jiyva's grace]
   205 | D        | Killed an iron imp
   205 | D        | Reached skill level 4 in Axes
   205 | D        | Lost mutation: You have large cloven feet. [demonic ancestry]
   205 | D        | Gained mutation: You have sharp toenails. [demonic ancestry]
   205 | D        | Reached XP level 2. HP: 23/23 MP: 2/2
   205 | D        | Gained mutation: You have razor-sharp toenails. [demonic ancestry]
   205 | D        | Reached XP level 3. HP: 28/28 MP: 3/3
   207 | D        | Gained mutation: Scrolls take you a little longer to read. [Jiyva's grace]
   208 | D        | Reached skill level 5 in Axes
   208 | D        | Gained mutation: When hurt, damage is shared between your health and your magic reserves. [demonic ancestry]
   208 | D        | Reached XP level 4. HP: 37/37 MP: 3/7
   211 | D        | Entered arena 3.
   211 | D        | Found a transporter.
   214 | D        | Reached skill level 5 in Dodging
   214 | D        | Reached skill level 6 in Axes
   215 | D        | Gained mutation: You regenerate magic rapidly. [demonic ancestry]
   215 | D        | Reached XP level 5. HP: 43/43 MP: 8/8
   215 | D        | Lost mutation: Scrolls take you a little longer to read. [Jiyva's grace]
   219 | D        | Lost mutation: Your mind is acute. (Int +2) [Jiyva's grace]
   223 | D        | Gained mutation: Your flesh is heat resistant. (rF+) [Jiyva's grace]
   224 | D        | Entered arena 4.
   224 | D        | Noticed a spriggan
   224 | D        | Noticed a black bear
   224 | D        | Noticed a spriggan
   224 | D        | Noticed a wolf
   224 | D        | Found a transporter.
   225 | D        | Killed a wolf
   226 | D        | Killed a spriggan
   226 | D        | Reached skill level 5 in Fighting
   226 | D        | Reached skill level 7 in Axes
   226 | D        | Reached XP level 6. HP: 51/51 MP: 9/9
   228 | D        | Gained mutation: Your rubbery body absorbs attacks. (AC +1, EV +1) [Jiyva's grace]
   229 | D        | Reached skill level 8 in Axes
   230 | D        | Killed a spriggan
   230 | D        | Reached XP level 7. HP: 54/56 MP: 10/10
   232 | D        | Gained mutation: Your body sometimes deteriorates upon taking damage. [Jiyva's grace]
   238 | D        | Entered arena 5.
   238 | D        | Noticed a jumping spider
   238 | D        | Noticed a jumping spider
   238 | D        | Lost mutation: You have a small jelly attached to you that senses nearby items. [Jiyva's grace]
   238 | D        | Found a transporter.
   241 | D        | Reached skill level 9 in Axes
   242 | D        | Killed a jumping spider
   245 | D        | Lost mutation: You have very sharp teeth. [Jiyva's grace]
   247 | D        | Killed a jumping spider
   247 | D        | Reached skill level 10 in Axes
   247 | D        | Reached skill level 5 in Throwing
   251 | D        | Gained mutation: You have supernaturally acute eyesight. (SInv) [Jiyva's grace]
   254 | D        | Gained mutation: Your spells are a little harder to cast, but a little more powerful. [Jiyva's grace]
   255 | D        | Entered arena 6.
   255 | D        | Noticed a toenail golem
   255 | D        | Noticed a toenail golem
   255 | D        | Noticed a toenail golem
   255 | D        | Noticed a toenail golem
   255 | D        | Noticed a toenail golem
   255 | D        | Found a transporter.
   258 | D        | Lost mutation: You have supernaturally acute eyesight. (SInv) [Jiyva's grace]
   259 | D        | Killed a toenail golem
   259 | D        | Reached XP level 8. HP: 59/65 MP: 9/11
   260 | D        | Lost mutation: Your spells are a little harder to cast, but a little more powerful. [Jiyva's grace]
   261 | D        | Killed a toenail golem
   261 | D        | Reached skill level 11 in Axes
   262 | D        | Lost mutation: Armour fits poorly on your pseudopods. [Jiyva's grace]
   263 | D        | Killed a toenail golem
   263 | D        | Reached skill level 12 in Axes
   264 | D        | Lost mutation: Your muscles are strong. (Str +2) [Jiyva's grace]
   265 | D        | Gained mutation: You are frail. (-10% HP) [Jiyva's grace]
   267 | D        | Gained mutation: You have a pair of small horns on your head. [Jiyva's grace]
   268 | D        | Killed a toenail golem
   268 | D        | Reached skill level 5 in Shields
   268 | D        | Gained mutation: When low on magic, you restore magic in place of health. [demonic ancestry]
   268 | D        | Reached XP level 9. HP: 66/66 MP: 12/12
   268 | D        | Lost mutation: Your body sometimes deteriorates upon taking damage. [Jiyva's grace]
   274 | D        | Lost mutation: You evolve. [Jiyva's grace]
   280 | D        | Entered arena 7.
   280 | D        | Noticed a merfolk
   280 | D        | Noticed a merfolk
   280 | D        | Noticed a merfolk
   280 | D        | Noticed a merfolk
   281 | D        | Found a transporter.
   281 | D        | Gained mutation: You have an increased reservoir of magic. (+10% MP) [Jiyva's grace]
   286 | D        | Killed a merfolk
   287 | D        | Lost mutation: You have an increased reservoir of magic. (+10% MP) [Jiyva's grace]
   289 | D        | Reached skill level 13 in Axes
   290 | D        | Killed a merfolk
   293 | D        | Killed a merfolk
   294 | D        | Gained mutation: Your muscles are strong. (Str +2) [Jiyva's grace]
   296 | D        | Killed a merfolk
   297 | D        | Lost mutation: You have a pair of small horns on your head. [Jiyva's grace]
   302 | D        | Entered arena 8.
   302 | D        | Lost mutation: You are frail. (-10% HP) [Jiyva's grace]
   303 | D        | Found a transporter.
   306 | D        | Gained mutation: You have claws for feet. [Jiyva's grace]
   309 | D        | Gained mutation: Your pliable body absorbs attacks. (AC +2, EV +2) [Jiyva's grace]
   312 | D        | Lost mutation: Your muscles are strong. (Str +2) [Jiyva's grace]
   317 | D        | Identified the Volume of Ghastly Good Luck (You found it in the Dungeon)
   317 | D        | Gained mutation: You have a beak for a mouth. [Jiyva's grace]
   321 | D        | Identified Sif Muna's Disquisition on the Shifting Glacier (You found it in the Dungeon)
   322 | D        | Gained mutation: You have a pair of small horns on your head. [Jiyva's grace]
   326 | D        | Learned a level 2 spell: Song of Slaying
   327 | D        | Entered arena 9.
   327 | D        | Noticed a red devil
   327 | D        | Gained mutation: Armour fits poorly on your pseudopods. [Jiyva's grace]
   328 | D        | Found a transporter.
   331 | D        | Lost mutation: Your flesh is heat resistant. (rF+) [Jiyva's grace]
   335 | D        | Reached skill level 5 in Armour
   335 | D        | Reached skill level 1 in Charms
   337 | D        | Gained mutation: Your muscles are strong. (Str +2) [Jiyva's grace]
   339 | D        | Killed a red devil
   340 | D        | Lost mutation: You have a small jelly attached to you that may absorb incoming projectiles. [Jiyva's grace]
   345 | D        | Gained mutation: You are agile. (Dex +2) [Jiyva's grace]
   345 | D        | Gained mutation: You evolve. [Jiyva's grace]
   345 | D        | Lost mutation: Your muscles are strong. (Str +2) [Jiyva's grace]
   347 | D        | Gained mutation: Your muscles are strong. (Str +2) [Jiyva's grace]
   353 | D        | Entered arena 10.
   353 | D        | Noticed a death scarab
   353 | D        | Noticed a mummy priest
   353 | D        | Noticed a guardian mummy
   354 | D        | Found a transporter.
   358 | D        | Killed a death scarab
   358 | D        | Gained mutation: You are partially covered in icy blue scales. (AC +2) [demonic ancestry]
   358 | D        | Reached XP level 10. HP: 82/82 MP: 14/14
   363 | D        | Lost mutation: Your pliable body absorbs attacks. (AC +2, EV +2) [Jiyva's grace]
   364 | D        | Killed a mummy priest
   364 | D        | Reached skill level 14 in Axes
   371 | D        | Gained mutation: Your spells are a little harder to cast, but a little more powerful. [Jiyva's grace]
   372 | D        | Got the cursed ring "Muwovaah" {*Corrode +Inv EV-3 Int+3}
   379 | D        | Gained mutation: You have acidic saliva. [Jiyva's grace]
   387 | D        | Entered arena 11.
   387 | D        | Noticed a yaktaur captain
   387 | D        | Noticed a cyclops
   387 | D        | Noticed a yaktaur captain
   387 | D        | Noticed a cyclops
   390 | D        | Found a transporter.
   393 | D        | Slimified a yaktaur captain
   393 | D        | Noticed an azure jelly
   393 | D        | a yaktaur captain changed into an azure jelly
   393 | D        | Lost mutation: Your spells are a little harder to cast, but a little more powerful. [Jiyva's grace]
   393 | D        | Killed a cyclops
   399 | D        | Killed a cyclops
   401 | D        | Killed a yaktaur captain
   401 | D        | Reached skill level 5 in Spellcasting
   407 | D        | Lost mutation: Armour fits poorly on your pseudopods. [Jiyva's grace]
   408 | D        | Lost mutation: Your rubbery body absorbs attacks. (AC +1, EV +1) [Jiyva's grace]
   408 | D        | Lost mutation: You are covered in slimy tendrils that may disarm your opponents. [Jiyva's grace]
   410 | D        | Got the ring of the Messenger {EV+2 SInv}
   412 | D        | Gained mutation: You have a pair of horns on your head. [Jiyva's grace]
   413 | D        | Gained mutation: Your spells are a little harder to cast, but a little more powerful. [Jiyva's grace]
   415 | D        | Lost mutation: You are agile. (Dex +2) [Jiyva's grace]
   418 | D        | Gained mutation: You have a pair of large horns on your head. [Jiyva's grace]
   420 | D        | Lost mutation: You have claws for feet. [Jiyva's grace]
   430 | D        | Gained mutation: Your body has grown golden eyes which may confuse attackers. (Acc +3) [Jiyva's grace]
   432 | D        | Entered arena 12.
   432 | D        | Noticed a spiny frog
   432 | D        | Gained mutation: Your muscles are very strong. (Str +4) [Jiyva's grace]
   432 | D        | Gained mutation: You are covered in slimy tendrils that may disarm your opponents. [Jiyva's grace]
   433 | D        | Noticed a black mamba
   433 | D        | Noticed a spiny frog
   434 | D        | Found a transporter.
   434 | D        | Gained mutation: You can translocate small distances at will. [Jiyva's grace]
   437 | D        | Killed a black mamba
   437 | D        | Reached skill level 5 in Charms
   437 | D        | Lost mutation: You have a pair of large horns on your head. [Jiyva's grace]
   437 | D        | Lost mutation: You evolve. [Jiyva's grace]
   438 | D        | Killed a spiny frog
   438 | D        | Reached skill level 15 in Axes
   439 | D        | Gained mutation: You are covered in fur. (AC +1) [Jiyva's grace]
   440 | D        | Reached XP level 11. HP: 89/89 MP: 19/19
   442 | D        | Lost mutation: You are covered in fur. (AC +1) [Jiyva's grace]
   443 | D        | Gained mutation: You have a small jelly attached to you that senses nearby items. [Jiyva's grace]
   443 | D        | Gained mutation: Your transparent skin significantly reduces your foes' accuracy. (Stealth) [Jiyva's grace]
   443 | D        | Gained mutation: Your spells are harder to cast, but more powerful. [Jiyva's grace]
   443 | D        | Lost mutation: You have a small jelly attached to you that senses nearby items. [Jiyva's grace]
   445 | D        | Reached skill level 10 in Fighting
   447 | D        | Lost mutation: You can translocate small distances at will. [Jiyva's grace]
   448 | D        | Gained mutation: You have a pair of large horns on your head. [Jiyva's grace]
   451 | D        | Gained mutation: You have sharp fingernails. [Jiyva's grace]
   451 | D        | Lost mutation: Your transparent skin significantly reduces your foes' accuracy. (Stealth) [Jiyva's grace]
   451 | D        | Lost mutation: Your muscles are very strong. (Str +4) [Jiyva's grace]
   453 | D        | Gained mutation: Your magical capacity is low. (-10% MP) [Jiyva's grace]
   455 | D        | Got the ring "Xykhlur" {rCorr Dex+7}
   460 | D        | Lost mutation: Your spells are harder to cast, but more powerful. [Jiyva's grace]
   466 | D        | Entered arena 13.
   466 | D        | Noticed a merfolk javelineer
   466 | D        | Noticed a merfolk impaler
   466 | D        | Noticed a merfolk javelineer
   467 | D        | Noticed a merfolk impaler
   467 | D        | Lost mutation: Your muscles are strong. (Str +2) [Jiyva's grace]
   473 | D        | Killed a merfolk javelineer
   476 | D        | Gained mutation: Your muscles are strong. (Str +2) [Jiyva's grace]
   482 | D        | Killed a merfolk javelineer
   484 | D        | Lost mutation: Your magical capacity is low. (-10% MP) [Jiyva's grace]
   488 | D        | Killed a merfolk impaler
   488 | D        | Reached skill level 16 in Axes
   490 | D        | Killed a merfolk impaler
   493 | D        | Gained mutation: Armour fits poorly on your pseudopods. [Jiyva's grace]
   495 | D        | Lost mutation: You have acidic saliva. [Jiyva's grace]
   496 | D        | Gained mutation: You can translocate small distances at will. [Jiyva's grace]
   498 | D        | Gained mutation: Your natural rate of healing is unusually fast. [Jiyva's grace]
   499 | D        | Gained mutation: You have claws for feet. [Jiyva's grace]
   500 | D        | Lost mutation: You have a pair of large horns on your head. [Jiyva's grace]
   500 | D        | Lost mutation: Your body has grown golden eyes which may confuse attackers. (Acc +3) [Jiyva's grace]
   502 | D        | Lost mutation: You can translocate small distances at will. [Jiyva's grace]
   506 | D        | Gained mutation: You are agile. (Dex +2) [Jiyva's grace]
   509 | D        | Lost mutation: You are agile. (Dex +2) [Jiyva's grace]
   513 | D        | Lost mutation: Your translucent skin reduces your foes' accuracy. (Stealth) [Jiyva's grace]
   514 | D        | Got the ring "Novuff" {Wiz Str+2}
   517 | D        | Gained mutation: You have a pair of large horns on your head. [Jiyva's grace]
   518 | D        | Got the ring "Uvibiteuthe" {Wiz rC+ Int+3}
   518 | D        | Lost mutation: Your spells are a little harder to cast, but a little more powerful. [Jiyva's grace]
   518 | D        | Lost mutation: Armour fits poorly on your pseudopods. [Jiyva's grace]
   520 | D        | Lost mutation: You have a beak for a mouth. [Jiyva's grace]
   520 | D        | Lost mutation: You have a pair of large horns on your head. [Jiyva's grace]
   521 | D        | Gained mutation: Your translucent skin reduces your foes' accuracy. (Stealth) [Jiyva's grace]
   521 | D        | Lost mutation: You have claws for feet. [Jiyva's grace]
   521 | D        | Lost mutation: Your muscles are strong. (Str +2) [Jiyva's grace]
   522 | D        | Lost mutation: You have a pair of horns on your head. [Jiyva's grace]
   522 | D        | Lost mutation: Your natural rate of healing is unusually fast. [Jiyva's grace]
   523 | D        | Gained mutation: You are somewhat resistant to further mutation. [Jiyva's grace]
   527 | D        | Entered arena 14.
   527 | D        | Lost mutation: You are somewhat resistant to further mutation. [Jiyva's grace]
   528 | D        | Noticed a titan
   529 | D        | Noticed a titan
   530 | D        | Noticed a spriggan air mage
   530 | D        | Noticed a spriggan air mage
   531 | D        | Noticed a spriggan air mage
   541 | D        | Lost mutation: You are covered in slimy tendrils that may disarm your opponents. [Jiyva's grace]
   541 | D        | Gained mutation: You are resistant to hostile enchantments. (MR+) [Jiyva's grace]
   543 | D        | Killed a spriggan air mage
   543 | D        | Reached skill level 10 in Shields
   544 | D        | Killed a spriggan air mage
   545 | D        | Gained mutation: You have a pair of horns on your head. [Jiyva's grace]
   546 | D        | Killed a titan
   546 | D        | Reached XP level 12. HP: 99/99 MP: 23/25
   548 | D        | Killed a spriggan air mage
   550 | D        | Killed a titan
   550 | D        | Reached skill level 17 in Axes
   554 | D        | Found a transporter.
   560 | D        | Got the ring of Fexuomn {rCorr SInv}
   562 | D        | Got the ring "Plog" {*Slow +Fly rPois rN+}
   564 | D        | Gained mutation: You are highly resistant to hostile enchantments. (MR++) [Jiyva's grace]
   566 | D        | Entered arena 15.
   566 | D        | Noticed a vampire mage
   566 | D        | Noticed a vampire knight
   566 | D        | Noticed a vampire mage
   572 | D        | Slimified a vampire knight
   572 | D        | Noticed a death ooze
   572 | D        | a vampire knight changed into a death ooze
   573 | D        | Lost mutation: Your translucent skin reduces your foes' accuracy. (Stealth) [Jiyva's grace]
   576 | D        | Killed a vampire mage
   576 | D        | Killed a death ooze
   586 | D        | Gained mutation: You are agile. (Dex +2) [Jiyva's grace]
   589 | D        | Found a transporter.
   590 | D        | Reached skill level 10 in Spellcasting
   594 | D        | Killed a vampire mage
   603 | D        | Gained mutation: You are very agile. (Dex +4) [Jiyva's grace]
   617 | D        | Entered arena 16.
   618 | D        | Noticed a mummy priest
   618 | D        | Noticed a mummy priest
   619 | D        | Gained mutation: You are covered in fur. (AC +1) [Jiyva's grace]
   620 | D        | Noticed a greater mummy
   624 | D        | Noticed a mummy priest
   624 | D        | Noticed an emperor scorpion
   624 | D        | Noticed an emperor scorpion
   624 | D        | Noticed an emperor scorpion
   626 | D        | Noticed a greater mummy
   626 | D        | Noticed an emperor scorpion
   626 | D        | Gained mutation: You are covered in slimy tendrils that may disarm your opponents. [Jiyva's grace]
   630 | D        | Noticed an azure jelly
   630 | D        | an emperor scorpion changed into an azure jelly
   631 | D        | Found a transporter.
   636 | D        | Slimified a greater mummy
   636 | D        | Noticed a death ooze
   636 | D        | a greater mummy changed into a death ooze
   637 | D        | Gained mutation: You passively map a small area around you. [Jiyva's grace]
   638 | D        | Killed a death ooze
   640 | D        | Lost mutation: You passively map a small area around you. [Jiyva's grace]
   650 | D        | Killed a mummy priest
   650 | D        | Noticed a reaper
   650 | D        | Lost mutation: You are highly resistant to hostile enchantments. (MR++) [Jiyva's grace]
   653 | D        | Gained mutation: You have a pair of large horns on your head. [Jiyva's grace]
   655 | D        | Killed a greater mummy
   655 | D        | Reached skill level 10 in Charms
   655 | D        | Reached XP level 13. HP: 20/106 MP: 19/27
   655 | D        | Gained mutation: You are highly resistant to hostile enchantments. (MR++) [Jiyva's grace]
   656 | D        | Killed a mummy priest
   658 | D        | HP: 5/157 [poison (dark miasma)]
   661 | D        | Succumbed to poison (dark miasma)

Skill      XL: |  1  2  3  4  5  6  7  8  9 10 11 12 13 |
---------------+----------------------------------------+-----
Axes           | 4 5 6 7 8 10 12 13 15 16 17 | 17.9
Throwing       | 2 3 4 5 |  5.1
Dodging        | 3 4 5 6 7 8 9 |  9.4
Fighting       | 4 5 6 7 8 9 11 12 | 12.6
Long Blades    | 2 |  2.2
Armour         | 2 3 4 5 6 7 8 |  8.0
Stealth        | 2 3 4 |  4.6
Shields        | 2 3 4 5 6 8 10 11 12 | 12.0
Unarmed Combat | 2 |  2.2
Spellcasting   | 2 3 5 9 10 | 10.8
Evocations     | 2 3 4 |  4.6
Charms         | 2 5 8 10 | 10.4

Action                   |  1- 3 |  4- 6 |  7- 9 | 10-12 | 13-15 || total
-------------------------+-------+-------+-------+-------+-------++-------
Melee: Broad axe         |     4 |     7 |    40 |   101 |     5 ||   157
       Kick              |     1 |       |    16 |    35 |     3 ||    55
       Bite              |     1 |       |       |     2 |       ||     3
       Pseudopods        |       |     1 |     5 |     3 |       ||     9
       Headbutt          |       |       |     3 |    24 |     1 ||    28
       Peck              |       |       |     2 |     6 |       ||     8
Invok: Slimify           |       |       |       |     5 |       ||     5
       Request Jelly     |       |       |       |     2 |       ||     2
Evoke: Sack of spiders   |       |       |     1 |       |       ||     1
       Fan of gales      |       |       |       |     2 |       ||     2
       Box of beasts     |       |       |       |     2 |       ||     2
       Phial of floods   |       |       |       |     2 |       ||     2
       Wand              |       |       |       |     2 |       ||     2
       Lightning rod     |       |       |       |     1 |       ||     1
       Phantom mirror    |       |       |       |     1 |       ||     1
  Use: Potion            |     1 |       |       |    13 |       ||    14
 Stab: Distracted        |       |       |       |     2 |       ||     2
       Confused          |       |       |       |     1 |       ||     1
       Invisible         |       |       |       |     1 |       ||     1
Armor: Plate armour      |     4 |     2 |    18 |    70 |       ||    94
Dodge: Dodged            |       |     2 |    10 |    24 |       ||    36
Block: Shield            |     8 |    12 |    71 |   212 |     2 ||   305
